 Dungeon Crawl Stone Soup version 0.31.0-9-g3a7656b989 (webtiles) character file.

Game seed: 11700993586310933447

24 qw the Shooter (level 2, 0/14 HPs)
             Began as a Spriggan Hunter on Feb 2, 2024.
             Slain by an endoplasm (3 damage)
             ... on level 1 of the Dungeon.
             The game lasted 00:00:02 (620 turns).

qw the Shooter (Spriggan Hunter)                     Turns: 620, Time: 00:00:02

Health: 0/14       AC:  2    Str:  7    XL:     2   Next: 79%
Magic:  3/3        EV: 19    Int: 10    God:
Gold:   20         SH:  0    Dex: 18    Spells: 1/1 levels left

rFire   . . .        a - +0 shortbow
rCold   . . .        (shield currently unavailable)
rNeg    . . .        c - +0 robe
rPois   +            (helmet restricted)
rElec   .            (no cloak)
rCorr   .            (gloves unavailable)
SInv    +            (boots unavailable)
Will    .....        (no amulet)
Stlth   ++           d - ring of poison resistance
HPRegen 0.22/turn    (no ring)
MPRegen 0.08/turn

%: no passive effects
@: very quick
A: very small, no large weapons, unfitting armour, see invisible, speed 3
a: no special abilities


You were on level 1 of the Dungeon.
You visited 1 branch of the dungeon, and saw 2 of its levels.

You collected 20 gold pieces.


Innate Abilities, Weirdness & Mutations

You are very small and have problems with some larger weapons.
You are too small for most types of armour.
You have supernaturally acute eyesight. (SInv)
You cover ground extremely quickly. (Speed+++)


   Skills:
 - Level 1.5 Fighting
 + Level 4.3 Ranged Weapons
 - Level 4.0 Dodging
 - Level 1.5 Stealth


You had one spell level left.
You didn't know any spells.
Your spell library was empty.

Inventory:

Hand Weapons
 a - a +0 shortbow (weapon)
Armour
 c - a +0 robe (worn)
Jewellery
 d - a ring of poison resistance (left hand)
Potions
 h - a potion of might
 i - 2 potions of curing

Dungeon Overview and Level Annotations

Branches:
Dungeon (2/15)

Altars:


Message History

You shoot an arrow. The arrow hits the kobold.
You kill the kobold!
You start resting.
HP restored.
You climb downwards.
The endoplasm quivers.
The kobold misses you. The endoplasm misses you.
The goblin hits you with a +0 club.
There is a stone staircase leading up here.
612 ||| STAIRDANCE The kobold closely misses you.
The endoplasm misses you. The goblin barely misses you.
You climb upwards.
There is a stone staircase leading down here.
You shoot an arrow.
The arrow hits the goblin but does no damage.
The kobold closely misses you. The goblin hits you with a +0 club.
The endoplasm freezes you.
You are frozen.
You shoot an arrow. The arrow closely misses the goblin.
The kobold hits you but does no damage. The goblin misses you.
The endoplasm misses you. The kobold hits you with a +0 dagger.
The goblin closely misses you. The endoplasm barely misses you.
You shoot an arrow. The arrow closely misses the goblin.
The kobold hits you but does no damage. The goblin misses you.
The endoplasm closely misses you.
You shoot an arrow. The arrow hits the goblin.
The goblin is moderately wounded.
The kobold barely misses you. The goblin hits you with a +0 club.
The endoplasm freezes you.
You are frozen.
You shoot an arrow. The arrow hits the goblin!
You kill the goblin!
The kobold misses you. The endoplasm barely misses you.
You shoot an arrow. The arrow barely misses the endoplasm.
The kobold barely misses you. The endoplasm misses you.
You shoot an arrow. The arrow hits the endoplasm.
The endoplasm is moderately wounded.
The kobold misses you. The endoplasm hits you.
You die...

# ##.....#.....##
##.............## ######
#...(...........# .#...#
#...............# .....#
##...............#
.#...####................#
.#...##...%..............#
######..###....JK)......##
#####..## ##...)@#.....##
..#...## ###.#########
#...### #.# #.....# #.#
...##+## #####.#####
..##8.8###.........#
.##.....##.........#
##8.....8##.(......#
#.........##.......#


You could see an endoplasm and a kobold.

Vanquished Creatures
  2 dart slugs (D:1)
  2 bats (D:1)
  3 endoplasms (D:1)
  2 goblins (D:1)
  A hobgoblin (D:1)
  2 quokkas (D:1)
  3 ball pythons (D:1)
  A frilled lizard (D:1)
  2 kobolds (D:1)
  A rat (D:1)
19 creatures vanquished.

Notes
Turn   | Place    | Note
-------+----------+-------------------------------------------
     0 | D:1      | qw the Spriggan Hunter began the quest for the Orb.
     0 | D:1      | Reached XP level 1. HP: 10/10 MP: 2/2
     0 | D:1      | 0 ||| qw: Version: 0.3-a-155-g5e7d8dd
     0 | D:1      | 0 ||| qw: Game counter: 174
     0 | D:1      | 0 ||| qw: Melee chars always use a shield: true
     0 | D:1      | 0 ||| qw: God list: Okawaru
     0 | D:1      | 0 ||| qw: Allow faded altars: false
     0 | D:1      | 0 ||| qw: Do Orc after clearing Dungeon:15 true
     0 | D:1      | 0 ||| qw: Do second Lair branch before Depths: true
     0 | D:1      | 0 ||| qw: Lair rune preference: random
     0 | D:1      | 0 ||| qw: Goals: Normal
     0 | D:1      | 0 ||| PLANNING D:1-11
    66 | D:1      | Reached skill level 3 in Dodging
   127 | D:1      | Reached XP level 2. HP: 14/14 MP: 3/3
   529 | D:1      | 529 ||| UPGRADING to ring of poison resistance.
   530 | D:1      | 530 ||| READING 3 scrolls labelled XAMUGR TOAM.
   531 | D:1      | 531 ||| READING scroll labelled LOZEYSHR KUOREI.
   558 | D:1      | 558 ||| READING 2 scrolls labelled KEDUFE CAXEPLEE.
   558 | D:1      | 558 ||| IDENTIFYING silvery potion
   559 | D:1      | 559 ||| READING scroll of identify.
   559 | D:1      | 559 ||| IDENTIFYING 2 golden potions
   560 | D:1      | 560 ||| DROPPING scroll of butterflies.
   561 | D:1      | 561 ||| DROPPING 2 scrolls of fog.
   595 | D:2      | 595 ||| STAIRDANCE
   612 | D:2      | 612 ||| STAIRDANCE
   617 | D:1      | HP: 2/14 [frozen (3)]
   620 | D:1      | Slain by an endoplasm

Levels and vault maps discovered:
D:1:      tarquinn_simple_flora_water_f, layout_rooms,
          kennysheep_decorative_pillar, dk_noncrumbling_4, minmay_misc_feat_chi,
          nicolae_concentric_dashed_squares_mild, minmay_misc_feat_room
D:2:      layout_loops_cross, basic_altar, chequers_serial_rivers_room_b,
          uniq_crazy_yiuf_cottage, uniq_jessica

Skill      XL: |  1  2 |
---------------+-------+-----
Dodging        | 3 4 |  4.0
Fighting       | |  1.5
Ranged Weapons | |  4.3
Stealth        | |  1.5

Action                     || total
---------------------------++-------
   Fire: Shortbow          ||    54
    Use: Scroll            ||     4
 Armour: Robe              ||    12
  Dodge: Dodged            ||    24

Table legend:
 A = Non-vault XP
 B = Vault XP
 C = Vault XP percentage of total XP
 D = Non-vault monster count
 E = Vault monster count
 F = Vault count percentage of total count
                 A         B        C        D         E       F
            +---------+---------+-------+---------+---------+-------
      Total |      35 |       0 |   0.0 |      19 |       0 |   0.0
            +---------+---------+-------+---------+---------+-------
        D:1 |      35 |       0 |   0.0 |      19 |       0 |   0.0
            +---------+---------+-------+---------+---------+-------
